Match 48491412
Unlisted

Match 48491412
End
Vickers Machine Gun Team
Vickers Machine Gun Team
Construct Section Command Post
Dingo Light Scout Car
Royal Engineer Section
Construct Platoon Command Post
6-pounder Anti-tank Gun Team
Humber Armored Car
CMP 15cwt Truck
Humber Armored Car
Unlock Bishop Self-propelled Artillery
Bishop Self-propelled Artillery
Bishop Self-propelled Artillery
Selects Indian Artillery Battlegroup
Selects Artillery Saturation
Selects Off-map Airburst Barrage
Selects BL5.5 Artillery Emplacement
Royal Engineer Section
Off-map Airburst Barrage
Selects Valour
Fire Chief Herrington☆
Dark Angels
Tirant
Knightz
A2O
MMMerVVV
Jerome Powell
Sigismund
0
0

Comments sign in to comment!

No comments posted yet!